Workbook

Sheet Roteiro 39
A1: MUNICÍPIO DE SANTA ROSA
A2: SECRETARIA DE ADMINISTRAÇÃO E FAZENDA
A3: Departamento de Contabilidade e Finanças
B4: Empresa | C4: Empresa:
A5: PLANILHA DE CUSTOS TRANSPORTE ESCOLAR 2025 | C5: ROTEIRO Nº 39
A6: Diversas Vias - Bela União e Bairro Cruzeiro | C6: KM DIA: | D6: MEDIA DIAS UTEIS: | E6: Nº ALUNOS: | F6: TURNO:
C7: 120 | D7: 20 | E7: 35 | F7: Manha/Tarde
A8: PLANILHA DE CÁLCULO TARIFÁRIO DO TRANSPORTE DE ESCOLARES
A9: I - CUSTOS VARIÁVEIS
A10: A - Combustível | C10: Nº. de veículos | D10: R$ Diesel/Litro | E10: Coefic. de consumo | F10: Custo por km
A11: Ônibus | C11: 1 | E11: 0.3333 | F11: =+E11*D11*C11 -> 0
A12: Total da Frota | C12: =+C11 -> 1 | F12: =+F11 -> 0
A13: Custo ponderado por km | F13: =+F12/C12 -> 0
A15: B - Óleos Lubrificantes | C15: Nº. de veículos | D15: Preço por litro | E15: Coefic. de consumo | F15: Custo por km
A16: Óleo do motor sem ar | C16: =+C12 -> 1 | E16: 0.0004 | F16: =+E16*D16*C16 -> 0
A17: Óleo da caixa de mudança sem ar | C17: =+C12 -> 1 | E17: 3e-05 | F17: =+E17*D17*C17 -> 0
A18: Óleo do diferencial sem ar | C18: =+C12 -> 1 | E18: 3e-05 | F18: =+E18*D18*C18 -> 0
A19: Óleo da direção hidráulica sem ar | C19: =+C12 -> 1 | E19: 2e-05 | F19: =+E19*D19*C19 -> 0
A20: Óleo do freio veículo sem ar | C20: =+C12 -> 1 | E20: 3e-05 | F20: =+E20*D20*C20 -> 0
A21: Total da frota | C21: =+C12 -> 1 | F21: =SUM(F16:F20) -> 0
A22: Custo ponderado por km | F22: =+F21/C21 -> 0
A24: Rodagem por km | D24: Preço unitário | E24: Quant. por veículo | F24: Preço total
A25: Pneu novo | C25: =C12 -> 1 | D25: =0/C7 -> 0 | E25: 6 | F25: =E25*C25*D25 -> 0
A26: Recapagem | C26: =C12 -> 1 | D26: 0 | E26: 0 | F26: =E26*C26*D26 -> 0
A27: Protetor | C27: =C12 -> 1 | D27: 0 | E27: 0 | F27: =E27*C27*D27 -> 0
A28: Total | F28: =SUM(F25:F27) -> 0
A30: Custo ponderado da rodagem por km | D30: Custo por veículo | E30: Quant. de veículos | F30: Custo total
A31: Custo rodagem | D31: =+F28 -> 0 | E31: =+C12 -> 1 | F31: =+E31*D31 -> 0
A32: Total da frota | E32: =+C12 -> 1 | F32: =+F31 -> 0
A33: Custo ponderado da rodagem por veículo | F33: =+D31 -> 0
A34: Quilometragem mínima | F34: =C7*D7 -> 2400
A35: Custo ponderado da rodagem por km | F35: =+F33/F34 -> 0
A37: Resumo dos custos variáveis
A38: A - Combustíveis | F38: =+F13 -> 0
A39: B - Óleos Lubricantes | F39: =+F22 -> 0
A40: C - Rodagem | F40: =+F35 -> 0
A41: Custo variável total por km | F41: =+F40+F39+F38 -> 0
A43: II - CUSTOS FIXOS | C43: Ano do veículo | D43: Nº. de veículos | E43: Preço atual | F43: Preço total
A44: Frota | D44: =+C12 -> 1 | F44: =+E44*D44 -> 0
A45: Ônibus Rural Escolar – Tipo ORE 3 | D45: =+C12 -> 1 | F45: =+F44 -> 0
A47: Valor de veículo ponderado da frota | F47: Total da frota
A48: Valor total | F48: =+F45 -> 0
A49: Total de veículos da frota | F49: =+C12 -> 1
A50: Valor do veículo ponderado da frota | F50: =+F48/F49 -> 0
A52: Valor do veículo ponderado da frota menos rodagem
A53: Valor do veículo ponderado da frota | F53: =+F50 -> 0
A54: Custo ponderado da rodagem por veículo | F54: =+F28 -> 0
A55: Valor do veículo ponderado da frota menos rodagem | F55: =+F53-F54 -> 0
A57: A - Custos de capital
A58: A1 - Depreciação da frota | C58: Valor ponder. rodag. | E58: Coefic. de deprec.
A59: Valor frota | C59: x nº veíc da frota | D59: Valor sem rodagem | E59: Médio cada frota | F59: Deprec mensal
A60: =+F45 -> 0 | C60: =+F54*D44 -> 0 | D60: =+A60-C60 -> 0 | E60: 0.01 | F60: =+E60*D60 -> 0
A61: Valor Onibus
A62: Depreciação mensal da frota | F62: =+F60 -> 0
A63: km por mês | F63: =C7*D7 -> 2400
A64: Depreciação da frota por km | F64: =+F62/F63 -> 0
A66: A2 - Depreciação máquinas, equipamentos e instalações | D66: 3% valor frota | E66: Coefic. deprec. | F66: Deprec. mensal
A67: 1% do valor da frota | D67: =+A60*0.03 -> 0 | E67: 0.0625 | F67: =+E67*D67 -> 0
A68: km por mês | F68: =+F63 -> 2400
A69: Depreciação máquinas, equipamentos e instalações por km | F69: =+F67/F68 -> 0
A71: A3 - Remuneração capital empregado no almoxarifado | D71: 1% valor frota | E71: Coefic. remuner. | F71: Remuner. mensal
A72: 1% do valor da frota | D72: =+A60*0.01 -> 0 | E72: 0.06 | F72: =+E72*D72 -> 0
A73: km por mês | F73: =+F68 -> 2400
A74: Remuneração capital empregado no almoxarifado por km | F74: =+F72/F73 -> 0
A76: Resumos dos custos de capital
A77: A1 - Depreciação mensal da frota | F77: =+F64 -> 0
A78: A2 - Depreciação mensal de máquinas, equipamentos e instalações | F78: =+F69 -> 0
A79: A3 - Remuneração mensal do capital empregado no almoxarifado | F79: =+F74 -> 0
A80: Custo total do capital por km | F80: =+F79+F78+F77 -> 0
A82: B - Despesas com peças e acessórios | D82: 20% valor frota | E82: Coefic. remuner. | F82: Remuner. mensal
A83: 20% do valor da frota | D83: =+A60*0.2 -> 0 | E83: 0.0625 | F83: =+E83*D83 -> 0
A84: km por mês | F84: =+F68 -> 2400
A85: Despesas com peças e acessórios por km | F85: =+F83/F84 -> 0
A87: C - Despesas com pessoal de operação e manutenção
A88: C1 - Despesa mensal com pessoal de operação | B88: Quantidade | C88: Salário | D88: Encargos sociais | E88: Fator de utilização | F88: Total
A89: Motorista | B89: =+C12 -> 1 | D89: 1.57 | E89: 1 | F89: =(C89*D89)*B89 -> 0
A90: Vale refeição (un. motor. X 20 dias mês) | B90: =D7*B89 -> 20 | E90: 1 | F90: =+C90*B90 -> 0
A91: Cesta Basica | B91: =+C12 -> 1 | F91: =+C91*B91 -> 0
A92: Vale transporte (un. motor. X 2 vales p/ dia x 20 dias) | B92: =D7*B89*2 -> 40 | F92: =+C92*B92 -> 0
A93: Plano Beneficio Familiar | B93: =C12 -> 1 | F93: =+C93*B93 -> 0
A94: Despesa mensal com pessoal de operação | F94: =SUM(F89:F93) -> 0
A95: Monitor | B95: =C12 -> 1 | D95: 1.57 | E95: 1 | F95: =(C95*D95)*B95 -> 0
A96: Insalubridade 20% | B96: 1 | E96: 0.2 | F96: =C96*B96 -> 0
A97: Cesta Basica | B97: =+C18 -> 1 | F97: =+C97*B97 -> 0
A98: Vale refeição (Un. motor. X 20 dias mês) | B98: 20 | E98: 1 | F98: =+C98*B98 -> 0
A99: Vale transporte (Un. motor. X 2 vales p/ dia x 20 dias) | B99: 40 | F99: =+C99*B99 -> 0
A100: Plano Beneficio Familiar | B100: 1 | F100: =B100*C100 -> 0
A101: Despesa mensal com pessoal de operação | F101: =SUM(F95:F100) -> 0
A102: Despesa Total mensal com pessoal de operação | F102: =F94+F101 -> 0
A103: km por mês | F103: =+F84 -> 2400
A104: Despesa mensal com pessoal de operação por km | F104: =+F102/F103 -> 0
A106: C2 - Despesa com pessoal de manutenção | E106: Despesa mensal | F106: Coeficiente 12%
A107: Pessoal de operação | E107: =+F102 -> 0 | F107: 0.12
A108: Despesa mensal com pessoal de operação | F108: =+F107*E107 -> 0
A109: km por mês | F109: =+F103 -> 2400
A110: Despesa mensal com pessoal de operação por km | F110: =+F108/F109 -> 0
A112: Resumo das Despesas com pessoal de operação e manutenção
A113: C1 - Despesa mensal com pessoal de operação | F113: =+F104 -> 0
A114: C2 - Despesa com pessoal de manutenção | F114: =+F110 -> 0
A115: Despesa mensal com pessoal de operação e manutenção por km | F115: =+F114+F113 -> 0
...

Sheet Roteiro 40
A1: MUNICÍPIO DE SANTA ROSA
A2: SECRETARIA DE ADMINISTRAÇÃO E FAZENDA
A3: Departamento de Contabilidade e Finanças
B4: Empresa | C4: Empresa:
A5: PLANILHA DE CUSTOS TRANSPORTE ESCOLAR 2025 | C5: ROTEIRO Nº 40
A6: Diversas Vias - Bairro Gloria, Bairro Central, Vila Jardim, Vila Progresso | C6: KM DIA: | D6: MEDIA DIAS UTEIS: | E6: Nº ALUNOS: | F6: TURNO:
C7: 120 | D7: 20 | E7: 35 | F7: Manha/Tarde
A8: PLANILHA DE CÁLCULO TARIFÁRIO DO TRANSPORTE DE ESCOLARES
A9: I - CUSTOS VARIÁVEIS
A10: A - Combustível | C10: Nº. de veículos | D10: R$ Diesel/Litro | E10: Coefic. de consumo | F10: Custo por km
A11: Ônibus | C11: 1 | E11: 0.3333 | F11: =+E11*D11*C11 -> 0
A12: Total da Frota | C12: =+C11 -> 1 | F12: =+F11 -> 0
A13: Custo ponderado por km | F13: =+F12/C12 -> 0
A15: B - Óleos Lubrificantes | C15: Nº. de veículos | D15: Preço por litro | E15: Coefic. de consumo | F15: Custo por km
A16: Óleo do motor sem ar | C16: =+C12 -> 1 | E16: 0.0004 | F16: =+E16*D16*C16 -> 0
A17: Óleo da caixa de mudança sem ar | C17: =+C12 -> 1 | E17: 3e-05 | F17: =+E17*D17*C17 -> 0
A18: Óleo do diferencial sem ar | C18: =+C12 -> 1 | E18: 3e-05 | F18: =+E18*D18*C18 -> 0
A19: Óleo da direção hidráulica sem ar | C19: =+C12 -> 1 | E19: 2e-05 | F19: =+E19*D19*C19 -> 0
A20: Óleo do freio veículo sem ar | C20: =+C12 -> 1 | E20: 3e-05 | F20: =+E20*D20*C20 -> 0
A21: Total da frota | C21: =+C12 -> 1 | F21: =SUM(F16:F20) -> 0
A22: Custo ponderado por km | F22: =+F21/C21 -> 0
A24: Rodagem por km | D24: Preço unitário | E24: Quant. por veículo | F24: Preço total
A25: Pneu novo | C25: =C12 -> 1 | D25: =0/C7 -> 0 | E25: 6 | F25: =E25*C25*D25 -> 0
A26: Recapagem | C26: =C12 -> 1 | D26: 0 | E26: 0 | F26: =E26*C26*D26 -> 0
A27: Protetor | C27: =C12 -> 1 | D27: 0 | E27: 0 | F27: =E27*C27*D27 -> 0
A28: Total | F28: =SUM(F25:F27) -> 0
A30: Custo ponderado da rodagem por km | D30: Custo por veículo | E30: Quant. de veículos | F30: Custo total
A31: Custo rodagem | D31: =+F28 -> 0 | E31: =+C12 -> 1 | F31: =+E31*D31 -> 0
A32: Total da frota | E32: =+C12 -> 1 | F32: =+F31 -> 0
A33: Custo ponderado da rodagem por veículo | F33: =+D31 -> 0
A34: Quilometragem mínima | F34: =C7*D7 -> 2400
A35: Custo ponderado da rodagem por km | F35: =+F33/F34 -> 0
A37: Resumo dos custos variáveis
A38: A - Combustíveis | F38: =+F13 -> 0
A39: B - Óleos Lubricantes | F39: =+F22 -> 0
A40: C - Rodagem | F40: =+F35 -> 0
A41: Custo variável total por km | F41: =+F40+F39+F38 -> 0
A43: II - CUSTOS FIXOS | C43: Ano do veículo | D43: Nº. de veículos | E43: Preço atual | F43: Preço total
A44: Frota | D44: =+C12 -> 1 | F44: =+E44*D44 -> 0
A45: Ônibus Rural Escolar – Tipo ORE 3 | D45: =+C12 -> 1 | F45: =+F44 -> 0
A47: Valor de veículo ponderado da frota | F47: Total da frota
A48: Valor total | F48: =+F45 -> 0
A49: Total de veículos da frota | F49: =+C12 -> 1
A50: Valor do veículo ponderado da frota | F50: =+F48/F49 -> 0
A52: Valor do veículo ponderado da frota menos rodagem
A53: Valor do veículo ponderado da frota | F53: =+F50 -> 0
A54: Custo ponderado da rodagem por veículo | F54: =+F28 -> 0
A55: Valor do veículo ponderado da frota menos rodagem | F55: =+F53-F54 -> 0
A57: A - Custos de capital
A58: A1 - Depreciação da frota | C58: Valor ponder. rodag. | E58: Coefic. de deprec.
A59: Valor frota | C59: x nº veíc da frota | D59: Valor sem rodagem | E59: Médio cada frota | F59: Deprec mensal
A60: =+F45 -> 0 | C60: =+F54*D44 -> 0 | D60: =+A60-C60 -> 0 | E60: 0.01 | F60: =+E60*D60 -> 0
A61: Valor Onibus
A62: Depreciação mensal da frota | F62: =+F60 -> 0
A63: km por mês | F63: =C7*D7 -> 2400
A64: Depreciação da frota por km | F64: =+F62/F63 -> 0
A66: A2 - Depreciação máquinas, equipamentos e instalações | D66: 3% valor frota | E66: Coefic. deprec. | F66: Deprec. mensal
A67: 1% do valor da frota | D67: =+A60*0.03 -> 0 | E67: 0.0625 | F67: =+E67*D67 -> 0
A68: km por mês | F68: =+F63 -> 2400
A69: Depreciação máquinas, equipamentos e instalações por km | F69: =+F67/F68 -> 0
A71: A3 - Remuneração capital empregado no almoxarifado | D71: 1% valor frota | E71: Coefic. remuner. | F71: Remuner. mensal
A72: 1% do valor da frota | D72: =+A60*0.01 -> 0 | E72: 0.06 | F72: =+E72*D72 -> 0
A73: km por mês | F73: =+F68 -> 2400
A74: Remuneração capital empregado no almoxarifado por km | F74: =+F72/F73 -> 0
A76: Resumos dos custos de capital
A77: A1 - Depreciação mensal da frota | F77: =+F64 -> 0
A78: A2 - Depreciação mensal de máquinas, equipamentos e instalações | F78: =+F69 -> 0
A79: A3 - Remuneração mensal do capital empregado no almoxarifado | F79: =+F74 -> 0
A80: Custo total do capital por km | F80: =+F79+F78+F77 -> 0
A82: B - Despesas com peças e acessórios | D82: 20% valor frota | E82: Coefic. remuner. | F82: Remuner. mensal
A83: 20% do valor da frota | D83: =+A60*0.2 -> 0 | E83: 0.0625 | F83: =+E83*D83 -> 0
A84: km por mês | F84: =+F68 -> 2400
A85: Despesas com peças e acessórios por km | F85: =+F83/F84 -> 0
A87: C - Despesas com pessoal de operação e manutenção
A88: C1 - Despesa mensal com pessoal de operação | B88: Quantidade | C88: Salário | D88: Encargos sociais | E88: Fator de utilização | F88: Total
A89: Motorista | B89: =+C12 -> 1 | D89: 1.57 | E89: 1 | F89: =(C89*D89)*B89 -> 0
A90: Vale refeição (un. motor. X 20 dias mês) | B90: =D7*B89 -> 20 | E90: 1 | F90: =+C90*B90 -> 0
A91: Cesta Basica | B91: =+C12 -> 1 | F91: =+C91*B91 -> 0
A92: Vale transporte (un. motor. X 2 vales p/ dia x 20 dias) | B92: =D7*B89*2 -> 40 | F92: =+C92*B92 -> 0
A93: Plano Beneficio Familiar | B93: =C12 -> 1 | F93: =+C93*B93 -> 0
A94: Despesa mensal com pessoal de operação | F94: =SUM(F89:F93) -> 0
A95: Monitor | B95: =C12 -> 1 | D95: 1.57 | E95: 1 | F95: =(C95*D95)*B95 -> 0
A96: Insalubridade 20% | B96: 1 | E96: 0.2 | F96: =C96*B96 -> 0
A97: Cesta Basica | B97: =+C18 -> 1 | F97: =+C97*B97 -> 0
A98: Vale refeição (Un. motor. X 20 dias mês) | B98: 20 | E98: 1 | F98: =+C98*B98 -> 0
A99: Vale transporte (Un. motor. X 2 vales p/ dia x 20 dias) | B99: 40 | F99: =+C99*B99 -> 0
A100: Plano Beneficio Familiar | B100: 1 | F100: =B100*C100 -> 0
A101: Despesa mensal com pessoal de operação | F101: =SUM(F95:F100) -> 0
A102: Despesa Total mensal com pessoal de operação | F102: =F94+F101 -> 0
A103: km por mês | F103: =+F84 -> 2400
A104: Despesa mensal com pessoal de operação por km | F104: =+F102/F103 -> 0
A106: C2 - Despesa com pessoal de manutenção | E106: Despesa mensal | F106: Coeficiente 12%
A107: Pessoal de operação | E107: =+F102 -> 0 | F107: 0.12
A108: Despesa mensal com pessoal de operação | F108: =+F107*E107 -> 0
A109: km por mês | F109: =+F103 -> 2400
A110: Despesa mensal com pessoal de operação por km | F110: =+F108/F109 -> 0
A112: Resumo das Despesas com pessoal de operação e manutenção
A113: C1 - Despesa mensal com pessoal de operação | F113: =+F104 -> 0
A114: C2 - Despesa com pessoal de manutenção | F114: =+F110 -> 0
A115: Despesa mensal com pessoal de operação e manutenção por km | F115: =+F114+F113 -> 0
...

Sheet Roteiro 41
A1: MUNICÍPIO DE SANTA ROSA
A2: SECRETARIA DE ADMINISTRAÇÃO E FAZENDA
A3: Departamento de Contabilidade e Finanças
B4: Empresa | C4: Empresa:
A5: PLANILHA DE CUSTOS TRANSPORTE ESCOLAR 2025 | C5: ROTEIRO Nº 41
A6: Diversas Vias - Bairro Rolim, Bairro São francisco, Bairro Faxinal, Bairro Industrial, Bairro Planalto, Bairro Figueira | C6: KM DIA: | D6: MEDIA DIAS UTEIS: | E6: Nº ALUNOS: | F6: TURNO:
C7: 120 | D7: 20 | E7: 35 | F7: Manha/Tarde
A8: PLANILHA DE CÁLCULO TARIFÁRIO DO TRANSPORTE DE ESCOLARES
A9: I - CUSTOS VARIÁVEIS
A10: A - Combustível | C10: Nº. de veículos | D10: R$ Diesel/Litro | E10: Coefic. de consumo | F10: Custo por km
A11: Ônibus | C11: 1 | E11: 0.3333 | F11: =+E11*D11*C11 -> 0
A12: Total da Frota | C12: =+C11 -> 1 | F12: =+F11 -> 0
A13: Custo ponderado por km | F13: =+F12/C12 -> 0
A15: B - Óleos Lubrificantes | C15: Nº. de veículos | D15: Preço por litro | E15: Coefic. de consumo | F15: Custo por km
A16: Óleo do motor sem ar | C16: =+C12 -> 1 | E16: 0.0004 | F16: =+E16*D16*C16 -> 0
A17: Óleo da caixa de mudança sem ar | C17: =+C12 -> 1 | E17: 3e-05 | F17: =+E17*D17*C17 -> 0
A18: Óleo do diferencial sem ar | C18: =+C12 -> 1 | E18: 3e-05 | F18: =+E18*D18*C18 -> 0
A19: Óleo da direção hidráulica sem ar | C19: =+C12 -> 1 | E19: 2e-05 | F19: =+E19*D19*C19 -> 0
A20: Óleo do freio veículo sem ar | C20: =+C12 -> 1 | E20: 3e-05 | F20: =+E20*D20*C20 -> 0
A21: Total da frota | C21: =+C12 -> 1 | F21: =SUM(F16:F20) -> 0
A22: Custo ponderado por km | F22: =+F21/C21 -> 0
A24: Rodagem por km | D24: Preço unitário | E24: Quant. por veículo | F24: Preço total
A25: Pneu novo | C25: =C12 -> 1 | D25: =0/C7 -> 0 | E25: 6 | F25: =E25*C25*D25 -> 0
A26: Recapagem | C26: =C12 -> 1 | D26: 0 | E26: 0 | F26: =E26*C26*D26 -> 0
A27: Protetor | C27: =C12 -> 1 | D27: 0 | E27: 0 | F27: =E27*C27*D27 -> 0
A28: Total | F28: =SUM(F25:F27) -> 0
A30: Custo ponderado da rodagem por km | D30: Custo por veículo | E30: Quant. de veículos | F30: Custo total
A31: Custo rodagem | D31: =+F28 -> 0 | E31: =+C12 -> 1 | F31: =+E31*D31 -> 0
A32: Total da frota | E32: =+C12 -> 1 | F32: =+F31 -> 0
A33: Custo ponderado da rodagem por veículo | F33: =+D31 -> 0
A34: Quilometragem mínima | F34: =C7*D7 -> 2400
A35: Custo ponderado da rodagem por km | F35: =+F33/F34 -> 0
A37: Resumo dos custos variáveis
A38: A - Combustíveis | F38: =+F13 -> 0
A39: B - Óleos Lubricantes | F39: =+F22 -> 0
A40: C - Rodagem | F40: =+F35 -> 0
A41: Custo variável total por km | F41: =+F40+F39+F38 -> 0
A43: II - CUSTOS FIXOS | C43: Ano do veículo | D43: Nº. de veículos | E43: Preço atual | F43: Preço total
A44: Frota | D44: =+C12 -> 1 | F44: =+E44*D44 -> 0
A45: Ônibus Rural Escolar – Tipo ORE 3 | D45: =+C12 -> 1 | F45: =+F44 -> 0
A47: Valor de veículo ponderado da frota | F47: Total da frota
A48: Valor total | F48: =+F45 -> 0
A49: Total de veículos da frota | F49: =+C12 -> 1
A50: Valor do veículo ponderado da frota | F50: =+F48/F49 -> 0
A52: Valor do veículo ponderado da frota menos rodagem
A53: Valor do veículo ponderado da frota | F53: =+F50 -> 0
A54: Custo ponderado da rodagem por veículo | F54: =+F28 -> 0
A55: Valor do veículo ponderado da frota menos rodagem | F55: =+F53-F54 -> 0
A57: A - Custos de capital
A58: A1 - Depreciação da frota | C58: Valor ponder. rodag. | E58: Coefic. de deprec.
A59: Valor frota | C59: x nº veíc da frota | D59: Valor sem rodagem | E59: Médio cada frota | F59: Deprec mensal
A60: =+F45 -> 0 | C60: =+F54*D44 -> 0 | D60: =+A60-C60 -> 0 | E60: 0.01 | F60: =+E60*D60 -> 0
A61: Valor Onibus
A62: Depreciação mensal da frota | F62: =+F60 -> 0
A63: km por mês | F63: =C7*D7 -> 2400
A64: Depreciação da frota por km | F64: =+F62/F63 -> 0
A66: A2 - Depreciação máquinas, equipamentos e instalações | D66: 3% valor frota | E66: Coefic. deprec. | F66: Deprec. mensal
A67: 1% do valor da frota | D67: =+A60*0.03 -> 0 | E67: 0.0625 | F67: =+E67*D67 -> 0
A68: km por mês | F68: =+F63 -> 2400
A69: Depreciação máquinas, equipamentos e instalações por km | F69: =+F67/F68 -> 0
A71: A3 - Remuneração capital empregado no almoxarifado | D71: 1% valor frota | E71: Coefic. remuner. | F71: Remuner. mensal
A72: 1% do valor da frota | D72: =+A60*0.01 -> 0 | E72: 0.06 | F72: =+E72*D72 -> 0
A73: km por mês | F73: =+F68 -> 2400
A74: Remuneração capital empregado no almoxarifado por km | F74: =+F72/F73 -> 0
A76: Resumos dos custos de capital
A77: A1 - Depreciação mensal da frota | F77: =+F64 -> 0
A78: A2 - Depreciação mensal de máquinas, equipamentos e instalações | F78: =+F69 -> 0
A79: A3 - Remuneração mensal do capital empregado no almoxarifado | F79: =+F74 -> 0
A80: Custo total do capital por km | F80: =+F79+F78+F77 -> 0
A82: B - Despesas com peças e acessórios | D82: 20% valor frota | E82: Coefic. remuner. | F82: Remuner. mensal
A83: 20% do valor da frota | D83: =+A60*0.2 -> 0 | E83: 0.0625 | F83: =+E83*D83 -> 0
A84: km por mês | F84: =+F68 -> 2400
A85: Despesas com peças e acessórios por km | F85: =+F83/F84 -> 0
A87: C - Despesas com pessoal de operação e manutenção
A88: C1 - Despesa mensal com pessoal de operação | B88: Quantidade | C88: Salário | D88: Encargos sociais | E88: Fator de utilização | F88: Total
A89: Motorista | B89: =+C12 -> 1 | D89: 1.57 | E89: 1 | F89: =(C89*D89)*B89 -> 0
A90: Vale refeição (un. motor. X 20 dias mês) | B90: =D7*B89 -> 20 | E90: 1 | F90: =+C90*B90 -> 0
A91: Cesta Basica | B91: =+C12 -> 1 | F91: =+C91*B91 -> 0
A92: Vale transporte (un. motor. X 2 vales p/ dia x 20 dias) | B92: =D7*B89*2 -> 40 | F92: =+C92*B92 -> 0
A93: Plano Beneficio Familiar | B93: =C12 -> 1 | F93: =+C93*B93 -> 0
A94: Despesa mensal com pessoal de operação | F94: =SUM(F89:F93) -> 0
A95: Monitor | B95: =C12 -> 1 | D95: 1.57 | E95: 1 | F95: =(C95*D95)*B95 -> 0
A96: Insalubridade 20% | B96: 1 | E96: 0.2 | F96: =C96*B96 -> 0
A97: Cesta Basica | B97: =+C18 -> 1 | F97: =+C97*B97 -> 0
A98: Vale refeição (Un. motor. X 20 dias mês) | B98: 20 | E98: 1 | F98: =+C98*B98 -> 0
A99: Vale transporte (Un. motor. X 2 vales p/ dia x 20 dias) | B99: 40 | F99: =+C99*B99 -> 0
A100: Plano Beneficio Familiar | B100: 1 | F100: =B100*C100 -> 0
A101: Despesa mensal com pessoal de operação | F101: =SUM(F95:F100) -> 0
A102: Despesa Total mensal com pessoal de operação | F102: =F94+F101 -> 0
A103: km por mês | F103: =+F84 -> 2400
A104: Despesa mensal com pessoal de operação por km | F104: =+F102/F103 -> 0
A106: C2 - Despesa com pessoal de manutenção | E106: Despesa mensal | F106: Coeficiente 12%
A107: Pessoal de operação | E107: =+F102 -> 0 | F107: 0.12
A108: Despesa mensal com pessoal de operação | F108: =+F107*E107 -> 0
A109: km por mês | F109: =+F103 -> 2400
A110: Despesa mensal com pessoal de operação por km | F110: =+F108/F109 -> 0
A112: Resumo das Despesas com pessoal de operação e manutenção
A113: C1 - Despesa mensal com pessoal de operação | F113: =+F104 -> 0
A114: C2 - Despesa com pessoal de manutenção | F114: =+F110 -> 0
A115: Despesa mensal com pessoal de operação e manutenção por km | F115: =+F114+F113 -> 0
...

Sheet Roteiro 42
A1: MUNICÍPIO DE SANTA ROSA
A2: SECRETARIA DE ADMINISTRAÇÃO E FAZENDA
A3: Departamento de Contabilidade e Finanças
B4: Empresa | C4: Empresa:
A5: PLANILHA DE CUSTOS TRANSPORTE ESCOLAR 2025 | C5: ROTEIRO Nº 42
A6: Diversas Vias - Bairro Auxiliadora, Bairro Guia Lopes, Bairro Sulina, Bairro Ipe, Bairro Timbauva e Bairro Centro | C6: KM DIA: | D6: MEDIA DIAS UTEIS: | E6: Nº ALUNOS: | F6: TURNO:
C7: 120 | D7: 20 | E7: 35 | F7: Manha/Tarde
A8: PLANILHA DE CÁLCULO TARIFÁRIO DO TRANSPORTE DE ESCOLARES
A9: I - CUSTOS VARIÁVEIS
A10: A - Combustível | C10: Nº. de veículos | D10: R$ Diesel/Litro | E10: Coefic. de consumo | F10: Custo por km
A11: Ônibus | C11: 1 | E11: 0.3333 | F11: =+E11*D11*C11 -> 0
A12: Total da Frota | C12: =+C11 -> 1 | F12: =+F11 -> 0
A13: Custo ponderado por km | F13: =+F12/C12 -> 0
A15: B - Óleos Lubrificantes | C15: Nº. de veículos | D15: Preço por litro | E15: Coefic. de consumo | F15: Custo por km
A16: Óleo do motor sem ar | C16: =+C12 -> 1 | E16: 0.0004 | F16: =+E16*D16*C16 -> 0
A17: Óleo da caixa de mudança sem ar | C17: =+C12 -> 1 | E17: 3e-05 | F17: =+E17*D17*C17 -> 0
A18: Óleo do diferencial sem ar | C18: =+C12 -> 1 | E18: 3e-05 | F18: =+E18*D18*C18 -> 0
A19: Óleo da direção hidráulica sem ar | C19: =+C12 -> 1 | E19: 2e-05 | F19: =+E19*D19*C19 -> 0
A20: Óleo do freio veículo sem ar | C20: =+C12 -> 1 | E20: 3e-05 | F20: =+E20*D20*C20 -> 0
A21: Total da frota | C21: =+C12 -> 1 | F21: =SUM(F16:F20) -> 0
A22: Custo ponderado por km | F22: =+F21/C21 -> 0
A24: Rodagem por km | D24: Preço unitário | E24: Quant. por veículo | F24: Preço total
A25: Pneu novo | C25: =C12 -> 1 | D25: =0/C7 -> 0 | E25: 6 | F25: =E25*C25*D25 -> 0
A26: Recapagem | C26: =C12 -> 1 | D26: 0 | E26: 0 | F26: =E26*C26*D26 -> 0
A27: Protetor | C27: =C12 -> 1 | D27: 0 | E27: 0 | F27: =E27*C27*D27 -> 0
A28: Total | F28: =SUM(F25:F27) -> 0
A30: Custo ponderado da rodagem por km | D30: Custo por veículo | E30: Quant. de veículos | F30: Custo total
A31: Custo rodagem | D31: =+F28 -> 0 | E31: =+C12 -> 1 | F31: =+E31*D31 -> 0
A32: Total da frota | E32: =+C12 -> 1 | F32: =+F31 -> 0
A33: Custo ponderado da rodagem por veículo | F33: =+D31 -> 0
A34: Quilometragem mínima | F34: =C7*D7 -> 2400
A35: Custo ponderado da rodagem por km | F35: =+F33/F34 -> 0
A37: Resumo dos custos variáveis
A38: A - Combustíveis | F38: =+F13 -> 0
A39: B - Óleos Lubricantes | F39: =+F22 -> 0
A40: C - Rodagem | F40: =+F35 -> 0
A41: Custo variável total por km | F41: =+F40+F39+F38 -> 0
A43: II - CUSTOS FIXOS | C43: Ano do veículo | D43: Nº. de veículos | E43: Preço atual | F43: Preço total
A44: Frota | D44: =+C12 -> 1 | F44: =+E44*D44 -> 0
A45: Ônibus Rural Escolar – Tipo ORE 3 | D45: =+C12 -> 1 | F45: =+F44 -> 0
A47: Valor de veículo ponderado da frota | F47: Total da frota
A48: Valor total | F48: =+F45 -> 0
A49: Total de veículos da frota | F49: =+C12 -> 1
A50: Valor do veículo ponderado da frota | F50: =+F48/F49 -> 0
A52: Valor do veículo ponderado da frota menos rodagem
A53: Valor do veículo ponderado da frota | F53: =+F50 -> 0
A54: Custo ponderado da rodagem por veículo | F54: =+F28 -> 0
A55: Valor do veículo ponderado da frota menos rodagem | F55: =+F53-F54 -> 0
A57: A - Custos de capital
A58: A1 - Depreciação da frota | C58: Valor ponder. rodag. | E58: Coefic. de deprec.
A59: Valor frota | C59: x nº veíc da frota | D59: Valor sem rodagem | E59: Médio cada frota | F59: Deprec mensal
A60: =+F45 -> 0 | C60: =+F54*D44 -> 0 | D60: =+A60-C60 -> 0 | E60: 0.01 | F60: =+E60*D60 -> 0
A61: Valor Onibus
A62: Depreciação mensal da frota | F62: =+F60 -> 0
A63: km por mês | F63: =C7*D7 -> 2400
A64: Depreciação da frota por km | F64: =+F62/F63 -> 0
A66: A2 - Depreciação máquinas, equipamentos e instalações | D66: 3% valor frota | E66: Coefic. deprec. | F66: Deprec. mensal
A67: 1% do valor da frota | D67: =+A60*0.03 -> 0 | E67: 0.0625 | F67: =+E67*D67 -> 0
A68: km por mês | F68: =+F63 -> 2400
A69: Depreciação máquinas, equipamentos e instalações por km | F69: =+F67/F68 -> 0
A71: A3 - Remuneração capital empregado no almoxarifado | D71: 1% valor frota | E71: Coefic. remuner. | F71: Remuner. mensal
A72: 1% do valor da frota | D72: =+A60*0.01 -> 0 | E72: 0.06 | F72: =+E72*D72 -> 0
A73: km por mês | F73: =+F68 -> 2400
A74: Remuneração capital empregado no almoxarifado por km | F74: =+F72/F73 -> 0
A76: Resumos dos custos de capital
A77: A1 - Depreciação mensal da frota | F77: =+F64 -> 0
A78: A2 - Depreciação mensal de máquinas, equipamentos e instalações | F78: =+F69 -> 0
A79: A3 - Remuneração mensal do capital empregado no almoxarifado | F79: =+F74 -> 0
A80: Custo total do capital por km | F80: =+F79+F78+F77 -> 0
A82: B - Despesas com peças e acessórios | D82: 20% valor frota | E82: Coefic. remuner. | F82: Remuner. mensal
A83: 20% do valor da frota | D83: =+A60*0.2 -> 0 | E83: 0.0625 | F83: =+E83*D83 -> 0
A84: km por mês | F84: =+F68 -> 2400
A85: Despesas com peças e acessórios por km | F85: =+F83/F84 -> 0
A87: C - Despesas com pessoal de operação e manutenção
A88: C1 - Despesa mensal com pessoal de operação | B88: Quantidade | C88: Salário | D88: Encargos sociais | E88: Fator de utilização | F88: Total
A89: Motorista | B89: =+C12 -> 1 | D89: 1.57 | E89: 1 | F89: =(C89*D89)*B89 -> 0
A90: Vale refeição (un. motor. X 20 dias mês) | B90: =D7*B89 -> 20 | E90: 1 | F90: =+C90*B90 -> 0
A91: Cesta Basica | B91: =+C12 -> 1 | F91: =+C91*B91 -> 0
A92: Vale transporte (un. motor. X 2 vales p/ dia x 20 dias) | B92: =D7*B89*2 -> 40 | F92: =+C92*B92 -> 0
A93: Plano Beneficio Familiar | B93: =C12 -> 1 | F93: =+C93*B93 -> 0
A94: Despesa mensal com pessoal de operação | F94: =SUM(F89:F93) -> 0
A95: Monitor | B95: =C12 -> 1 | D95: 1.57 | E95: 1 | F95: =(C95*D95)*B95 -> 0
A96: Insalubridade 20% | B96: 1 | E96: 0.2 | F96: =C96*B96 -> 0
A97: Cesta Basica | B97: =+C18 -> 1 | F97: =+C97*B97 -> 0
A98: Vale refeição (Un. motor. X 20 dias mês) | B98: 20 | E98: 1 | F98: =+C98*B98 -> 0
A99: Vale transporte (Un. motor. X 2 vales p/ dia x 20 dias) | B99: 40 | F99: =+C99*B99 -> 0
A100: Plano Beneficio Familiar | B100: 1 | F100: =B100*C100 -> 0
A101: Despesa mensal com pessoal de operação | F101: =SUM(F95:F100) -> 0
A102: Despesa Total mensal com pessoal de operação | F102: =F94+F101 -> 0
A103: km por mês | F103: =+F84 -> 2400
A104: Despesa mensal com pessoal de operação por km | F104: =+F102/F103 -> 0
A106: C2 - Despesa com pessoal de manutenção | E106: Despesa mensal | F106: Coeficiente 12%
A107: Pessoal de operação | E107: =+F102 -> 0 | F107: 0.12
A108: Despesa mensal com pessoal de operação | F108: =+F107*E107 -> 0
A109: km por mês | F109: =+F103 -> 2400
A110: Despesa mensal com pessoal de operação por km | F110: =+F108/F109 -> 0
A112: Resumo das Despesas com pessoal de operação e manutenção
A113: C1 - Despesa mensal com pessoal de operação | F113: =+F104 -> 0
A114: C2 - Despesa com pessoal de manutenção | F114: =+F110 -> 0
A115: Despesa mensal com pessoal de operação e manutenção por km | F115: =+F114+F113 -> 0
...

Sheet Roteiro 43
A1: MUNICÍPIO DE SANTA ROSA
A2: SECRETARIA DE ADMINISTRAÇÃO E FAZENDA
A3: Departamento de Contabilidade e Finanças
B4: Empresa | C4: Empresa:
A5: PLANILHA DE CUSTOS TRANSPORTE ESCOLAR 2025 | C5: ROTEIRO Nº 43
A6: Diversas Vias - Bairro Cruzeiro e Bairro Central | C6: KM DIA: | D6: MEDIA DIAS UTEIS: | E6: Nº ALUNOS: | F6: TURNO:
C7: 120 | D7: 20 | E7: 35 | F7: Manha/Tarde
A8: PLANILHA DE CÁLCULO TARIFÁRIO DO TRANSPORTE DE ESCOLARES
A9: I - CUSTOS VARIÁVEIS
A10: A - Combustível | C10: Nº. de veículos | D10: R$ Diesel/Litro | E10: Coefic. de consumo | F10: Custo por km
A11: Ônibus | C11: 1 | E11: 0.3333 | F11: =+E11*D11*C11 -> 0
A12: Total da Frota | C12: =+C11 -> 1 | F12: =+F11 -> 0
A13: Custo ponderado por km | F13: =+F12/C12 -> 0
A15: B - Óleos Lubrificantes | C15: Nº. de veículos | D15: Preço por litro | E15: Coefic. de consumo | F15: Custo por km
A16: Óleo do motor sem ar | C16: =+C12 -> 1 | E16: 0.0004 | F16: =+E16*D16*C16 -> 0
A17: Óleo da caixa de mudança sem ar | C17: =+C12 -> 1 | E17: 3e-05 | F17: =+E17*D17*C17 -> 0
A18: Óleo do diferencial sem ar | C18: =+C12 -> 1 | E18: 3e-05 | F18: =+E18*D18*C18 -> 0
A19: Óleo da direção hidráulica sem ar | C19: =+C12 -> 1 | E19: 2e-05 | F19: =+E19*D19*C19 -> 0
A20: Óleo do freio veículo sem ar | C20: =+C12 -> 1 | E20: 3e-05 | F20: =+E20*D20*C20 -> 0
A21: Total da frota | C21: =+C12 -> 1 | F21: =SUM(F16:F20) -> 0
A22: Custo ponderado por km | F22: =+F21/C21 -> 0
A24: Rodagem por km | D24: Preço unitário | E24: Quant. por veículo | F24: Preço total
A25: Pneu novo | C25: =C12 -> 1 | D25: =0/C7 -> 0 | E25: 6 | F25: =E25*C25*D25 -> 0
A26: Recapagem | C26: =C12 -> 1 | D26: 0 | E26: 0 | F26: =E26*C26*D26 -> 0
A27: Protetor | C27: =C12 -> 1 | D27: 0 | E27: 0 | F27: =E27*C27*D27 -> 0
A28: Total | F28: =SUM(F25:F27) -> 0
A30: Custo ponderado da rodagem por km | D30: Custo por veículo | E30: Quant. de veículos | F30: Custo total
A31: Custo rodagem | D31: =+F28 -> 0 | E31: =+C12 -> 1 | F31: =+E31*D31 -> 0
A32: Total da frota | E32: =+C12 -> 1 | F32: =+F31 -> 0
A33: Custo ponderado da rodagem por veículo | F33: =+D31 -> 0
A34: Quilometragem mínima | F34: =C7*D7 -> 2400
A35: Custo ponderado da rodagem por km | F35: =+F33/F34 -> 0
A37: Resumo dos custos variáveis
A38: A - Combustíveis | F38: =+F13 -> 0
A39: B - Óleos Lubricantes | F39: =+F22 -> 0
A40: C - Rodagem | F40: =+F35 -> 0
A41: Custo variável total por km | F41: =+F40+F39+F38 -> 0
A43: II - CUSTOS FIXOS | C43: Ano do veículo | D43: Nº. de veículos | E43: Preço atual | F43: Preço total
A44: Frota | D44: =+C12 -> 1 | F44: =+E44*D44 -> 0
A45: Ônibus Rural Escolar – Tipo ORE 3 | D45: =+C12 -> 1 | F45: =+F44 -> 0
A47: Valor de veículo ponderado da frota | F47: Total da frota
A48: Valor total | F48: =+F45 -> 0
A49: Total de veículos da frota | F49: =+C12 -> 1
A50: Valor do veículo ponderado da frota | F50: =+F48/F49 -> 0
A52: Valor do veículo ponderado da frota menos rodagem
A53: Valor do veículo ponderado da frota | F53: =+F50 -> 0
A54: Custo ponderado da rodagem por veículo | F54: =+F28 -> 0
A55: Valor do veículo ponderado da frota menos rodagem | F55: =+F53-F54 -> 0
A57: A - Custos de capital
A58: A1 - Depreciação da frota | C58: Valor ponder. rodag. | E58: Coefic. de deprec.
A59: Valor frota | C59: x nº veíc da frota | D59: Valor sem rodagem | E59: Médio cada frota | F59: Deprec mensal
A60: =+F45 -> 0 | C60: =+F54*D44 -> 0 | D60: =+A60-C60 -> 0 | E60: 0.01 | F60: =+E60*D60 -> 0
A61: Valor Onibus
A62: Depreciação mensal da frota | F62: =+F60 -> 0
A63: km por mês | F63: =C7*D7 -> 2400
A64: Depreciação da frota por km | F64: =+F62/F63 -> 0
A66: A2 - Depreciação máquinas, equipamentos e instalações | D66: 3% valor frota | E66: Coefic. deprec. | F66: Deprec. mensal
A67: 1% do valor da frota | D67: =+A60*0.03 -> 0 | E67: 0.0625 | F67: =+E67*D67 -> 0
A68: km por mês | F68: =+F63 -> 2400
A69: Depreciação máquinas, equipamentos e instalações por km | F69: =+F67/F68 -> 0
A71: A3 - Remuneração capital empregado no almoxarifado | D71: 1% valor frota | E71: Coefic. remuner. | F71: Remuner. mensal
A72: 1% do valor da frota | D72: =+A60*0.01 -> 0 | E72: 0.06 | F72: =+E72*D72 -> 0
A73: km por mês | F73: =+F68 -> 2400
A74: Remuneração capital empregado no almoxarifado por km | F74: =+F72/F73 -> 0
A76: Resumos dos custos de capital
A77: A1 - Depreciação mensal da frota | F77: =+F64 -> 0
A78: A2 - Depreciação mensal de máquinas, equipamentos e instalações | F78: =+F69 -> 0
A79: A3 - Remuneração mensal do capital empregado no almoxarifado | F79: =+F74 -> 0
A80: Custo total do capital por km | F80: =+F79+F78+F77 -> 0
A82: B - Despesas com peças e acessórios | D82: 20% valor frota | E82: Coefic. remuner. | F82: Remuner. mensal
A83: 20% do valor da frota | D83: =+A60*0.2 -> 0 | E83: 0.0625 | F83: =+E83*D83 -> 0
A84: km por mês | F84: =+F68 -> 2400
A85: Despesas com peças e acessórios por km | F85: =+F83/F84 -> 0
A87: C - Despesas com pessoal de operação e manutenção
A88: C1 - Despesa mensal com pessoal de operação | B88: Quantidade | C88: Salário | D88: Encargos sociais | E88: Fator de utilização | F88: Total
A89: Motorista | B89: =+C12 -> 1 | D89: 1.57 | E89: 1 | F89: =(C89*D89)*B89 -> 0
A90: Vale refeição (un. motor. X 20 dias mês) | B90: =D7*B89 -> 20 | E90: 1 | F90: =+C90*B90 -> 0
A91: Cesta Basica | B91: =+C12 -> 1 | F91: =+C91*B91 -> 0
A92: Vale transporte (un. motor. X 2 vales p/ dia x 20 dias) | B92: =D7*B89*2 -> 40 | F92: =+C92*B92 -> 0
A93: Plano Beneficio Familiar | B93: =C12 -> 1 | F93: =+C93*B93 -> 0
A94: Despesa mensal com pessoal de operação | F94: =SUM(F89:F93) -> 0
A95: Monitor | B95: =C12 -> 1 | D95: 1.57 | E95: 1 | F95: =(C95*D95)*B95 -> 0
A96: Insalubridade 20% | B96: 1 | E96: 0.2 | F96: =C96*B96 -> 0
A97: Cesta Basica | B97: =+C18 -> 1 | F97: =+C97*B97 -> 0
A98: Vale refeição (Un. motor. X 20 dias mês) | B98: 20 | E98: 1 | F98: =+C98*B98 -> 0
A99: Vale transporte (Un. motor. X 2 vales p/ dia x 20 dias) | B99: 40 | F99: =+C99*B99 -> 0
A100: Plano Beneficio Familiar | B100: 1 | F100: =B100*C100 -> 0
A101: Despesa mensal com pessoal de operação | F101: =SUM(F95:F100) -> 0
A102: Despesa Total mensal com pessoal de operação | F102: =F94+F101 -> 0
A103: km por mês | F103: =+F84 -> 2400
A104: Despesa mensal com pessoal de operação por km | F104: =+F102/F103 -> 0
A106: C2 - Despesa com pessoal de manutenção | E106: Despesa mensal | F106: Coeficiente 12%
A107: Pessoal de operação | E107: =+F102 -> 0 | F107: 0.12
A108: Despesa mensal com pessoal de operação | F108: =+F107*E107 -> 0
A109: km por mês | F109: =+F103 -> 2400
A110: Despesa mensal com pessoal de operação por km | F110: =+F108/F109 -> 0
A112: Resumo das Despesas com pessoal de operação e manutenção
A113: C1 - Despesa mensal com pessoal de operação | F113: =+F104 -> 0
A114: C2 - Despesa com pessoal de manutenção | F114: =+F110 -> 0
A115: Despesa mensal com pessoal de operação e manutenção por km | F115: =+F114+F113 -> 0
...

Sheet Consolidado
A1: CONSOLIDADO - PLANILHA DE CUSTOS TRANSPORTE ESCOLAR 2025
A2: Roteiros | C2: Aumento % | E2: R$ p/Km Anterior | F2: Empresa | G2: R$ p/km Atual | H2: KM DIA: | I2: Total Dia R$ Atual | J2: Média Dia Util | K2: Total R$ Mês | L2: Total R$ Ano Letivo | M2: nº Alunos | N2: R$ Aluno/Mês | O2: R$ Aluno/Dia | P2: Nº Veiculos
A3: ROTEIRO Nº 39 | C3: =(#REF!/E3)-1 -> #REF! | E3: 4.63 | F3: ='Roteiro 39'!C4:F4 -> 0 | H3: ='Roteiro 39'!C7 -> 120 | I3: =H3*G3 -> 0 | J3: ='Roteiro 39'!D7 -> 20 | K3: =I3*J3 -> 0 | L3: =K3*10 -> 0 | M3: ='Roteiro 39'!E7 -> 35 | N3: =K3/M3 -> 0 | O3: =I3/M3 -> 0 | P3: ='Roteiro 39'!C12 -> 1
A4: ROTEIRO Nº 40 | C4: =(#REF!/E4)-1 -> #REF! | D4: =(H4/#REF!)-1 -> #REF! | E4: 3.75 | F4: ='Roteiro 40'!C4:F4 -> 0 | H4: ='Roteiro 40'!C7 -> 120 | I4: =H4*G4 -> 0 | J4: ='Roteiro 40'!D7 -> 20 | K4: =I4*J4 -> 0 | L4: =K4*10 -> 0 | M4: ='Roteiro 40'!E7 -> 35 | N4: =K4/M4 -> 0 | O4: =I4/M4 -> 0 | P4: ='Roteiro 40'!C12 -> 1
A5: ROTEIRO Nº 41 | C5: =(#REF!/E5)-1 -> #REF! | D5: =(H5/#REF!)-1 -> #REF! | E5: 4.83 | F5: ='Roteiro 41'!C4:F4 -> 0 | H5: ='Roteiro 41'!C7 -> 120 | I5: =H5*G5 -> 0 | J5: ='Roteiro 41'!D7 -> 20 | K5: =I5*J5 -> 0 | L5: =K5*10 -> 0 | M5: ='Roteiro 41'!E7 -> 35 | N5: =K5/M5 -> 0 | O5: =I5/M5 -> 0 | P5: ='Roteiro 41'!C12 -> 1
A6: ROTEIRO Nº 42 | C6: =(#REF!/E6)-1 -> #REF! | D6: =(H6/#REF!)-1 -> #REF! | E6: 2.47 | F6: ='Roteiro 42'!C4:F4 -> 0 | H6: ='Roteiro 42'!C7 -> 120 | I6: =H6*G6 -> 0 | J6: ='Roteiro 42'!D7 -> 20 | K6: =I6*J6 -> 0 | L6: =K6*10 -> 0 | M6: ='Roteiro 42'!E7 -> 35 | N6: =K6/M6 -> 0 | O6: =I6/M6 -> 0 | P6: ='Roteiro 42'!C12 -> 1
A7: ROTEIRO Nº 43 | C7: =(#REF!/E7)-1 -> #REF! | D7: =(H7/#REF!)-1 -> #REF! | E7: 2.77 | F7: ='Roteiro 43'!C4:F4 -> 0 | H7: ='Roteiro 43'!C7 -> 120 | I7: =H7*G7 -> 0 | J7: ='Roteiro 43'!D7 -> 20 | K7: =I7*J7 -> 0 | L7: =K7*10 -> 0 | M7: ='Roteiro 43'!E7 -> 35 | N7: =K7/M7 -> 0 | O7: =I7/M7 -> 0 | P7: ='Roteiro 43'!C12 -> 1
A9: Totais Consolidados | H9: =SUM(H3:H8) -> 600 | I9: =SUM(I3:I8) -> 0 | K9: =SUM(K3:K8) -> 0 | L9: =SUM(L3:L8) -> 0 | M9: =SUM(M3:M8) -> 175 | N9: =SUM(N3:N8) -> 0 | O9: =SUM(O3:O8) -> 0 | P9: =SUM(P3:P8) -> 5
